[Event "Titled Tuesday Blitz April 26 Late 2022"]
[White "Onslow, Alfie"]
[Black "Carrasco Miranda, Andres"]
[WhiteFideId "436976"]
[BlackFideId "3405990"]
[WhiteElo "1884"]
[BlackElo "2177"]
[Result "1-0"]
[Round "10"]
[TimeControl "180+1"]
[Date "2022.04.26"]
[WhiteClock "0:00:20"]
[BlackClock "0:00:01"]

1. e4 c5 2. Nc3 d6 3. d4 cxd4 4. Qxd4 Nc6 5. Qd2 g6 6. b3 Bh6 7. f4 Nf6 8. Bb2 O-O 9. O-O-O e5 10. g3 Bg4 11. Be2 Bxe2 12. Ngxe2 Re8 13. Qxd6 Qxd6 14. Rxd6 exf4 15. Rxf6 fxg3+ 16. Kb1 g2 17. Rg1 Ne5 18. Rxg2 Rad8 19. Nd5 Bg7 20. Rf1 f5 21. exf5 Rxd5 22. f6 Bh6 23. Nc3 Rd7 24. Re2 Kf7 25. Na4 Nc4 26. Rxe8 Nd2+ 27. Ka1 Nxf1 28. Re1 Nxh2 29. Nc5 Rc7 30. Ne6 Rd7 31. Nc5 Rc7 32. Ne6 Rd7 33. Nd4 Ng4 34. Rh1 a6 35. a4 Kf8 36. Ne6+ Kf7 37. Nc5 Rc7 38. b4 a5 39. c3 b6 40. Ne4 axb4 41. cxb4 Rc4 42. Nd6+ Ke6 43. Nxc4 1-0


[Site "https://www.chess.com"]

[Event "Titled Tuesday Blitz April 26 Late 2022"]
[White "Oparin, Grigoriy"]
[Black "Yoo, Christopher Woojin"]
[WhiteFideId "24125890"]
[BlackFideId "30909694"]
[WhiteElo "2665"]
[BlackElo "2105"]
[Result "1/2-1/2"]
[Round "10"]
[TimeControl "180+1"]
[Date "2022.04.26"]
[WhiteClock "0:00:24"]
[BlackClock "0:00:09"]

1. d4 Nf6 2. c4 e6 3. Nf3 d5 4. g3 Be7 5. Bg2 O-O 6. Qc2 c5 7. dxc5 Qa5+ 8. Nc3 dxc4 9. O-O Qxc5 10. Bg5 Nc6 11. Bxf6 Bxf6 12. Ne4 Qe7 13. Nxf6+ Qxf6 14. Nd2 Bd7 15. Ne4 Qe7 16. Qxc4 Rfd8 17. Rfd1 Be8 18. Qc5 b6 19. Qxe7 Nxe7 20. Nd6 Bc6 21. Nb7 Bxb7 22. Bxb7 Rab8 23. Rac1 Rxd1+ 24. Rxd1 Kf8 25. Ba6 Nd5 26. a3 Ke7 27. Rc1 Kd8 28. e4 Nc7 29. Bd3 e5 30. f4 exf4 31. gxf4 Ne6 32. Rf1 Ke7 33. e5 Rd8 34. Bxh7 Rd4 35. f5 Ng5 36. f6+ gxf6 37. exf6+ Ke6 38. Bb1 Rd2 39. Ba2+ Ke5 40. h4 Nh3+ 41. Kh1 Nf2+ 42. Kg1 Nh3+ 43. Kh1 Nf2+ 44. Kg1 Nh3+ 1/2-1/2


[Site "https://www.chess.com"]

[Event "Titled Tuesday Blitz April 26 Late 2022"]
[White "Pakleza, Zbigniew"]
[Black "Sadovsky, Artem"]
[WhiteFideId "1119290"]
[BlackFideId "4155840"]
[WhiteElo "2467"]
[BlackElo "2314"]
[Result "0-1"]
[Round "10"]
[TimeControl "180+1"]
[Date "2022.04.26"]
[WhiteClock "0:00:17"]
[BlackClock "0:01:43"]

1. d4 g6 2. Nf3 Bg7 3. Bf4 d6 4. e3 Nd7 5. h3 Ngf6 6. Bh2 O-O 7. Be2 c5 8. c3 b6 9. a4 a6 10. Nbd2 Bb7 11. O-O Qc7 12. Qb3 Rac8 13. Rfe1 Qb8 14. Bd3 Qa8 15. e4 cxd4 16. cxd4 e5 17. Qa3 Rfd8 18. d5 Nc5 19. Bf1 a5 20. b4 Ncxe4 21. Nxe4 Nxe4 22. Rxe4 Bxd5 23. Ree1 e4 24. Nd2 Rc3 25. Qb2 e3 26. fxe3 Rxe3 27. Qxg7+ Kxg7 28. Rxe3 axb4 29. Rd3 b5 30. a5 Bc4 31. Rxd6 Rxd6 32. Bxd6 Qa7+ 33. Kh1 Qd4 34. Nxc4 bxc4 35. Ra4 Qxd6 36. a6 Qd1 37. Rxb4 Qxf1+ 0-1


[Site "https://www.chess.com"]

[Event "Titled Tuesday Blitz April 26 Late 2022"]
[White "Petrova, Irina"]
[Black "Piekarski, Atila Balzer"]
[WhiteFideId "14124122"]
[BlackFideId "2119552"]
[WhiteElo "1993"]
[BlackElo "2050"]
[Result "1-0"]
[Round "10"]
[TimeControl "180+1"]
[Date "2022.04.26"]
[WhiteClock "0:02:23"]
[BlackClock "0:02:23"]

1. e4 c6 2. d4 d5 3. e5 c5 4. dxc5 e6 5. a3 Nc6 6. Nf3 Bxc5 7. b4 Bb6 8. Bb2 Nge7 9. Bd3 Ng6 10. O-O O-O 11. Nbd2 f6 12. exf6 gxf6 13. c4 Nf4 14. Bc2 e5 15. cxd5 Qxd5 16. Bb3 1-0


[Site "https://www.chess.com"]

[Event "Titled Tuesday Blitz April 26 Late 2022"]
[White "Prohorov, Olexandr"]
[Black "Schekachikhin, Maksim"]
[WhiteFideId "14105578"]
[BlackFideId "24177830"]
[WhiteElo "1993"]
[BlackElo "2230"]
[Result "1/2-1/2"]
[Round "10"]
[TimeControl "180+1"]
[Date "2022.04.26"]
[WhiteClock "0:02:00"]
[BlackClock "0:02:30"]

1. Nf3 c5 2. c4 g6 3. g3 Bg7 4. Nc3 Nc6 5. d3 d6 6. h4 h6 7. Bg2 e6 8. Bd2 Nge7 9. Rb1 b6 10. a3 Bb7 11. b4 Qd7 12. Qc1 Nf5 13. O-O Ncd4 14. Ne1 Bxg2 15. Kxg2 O-O 16. e4 1/2-1/2


[Site "https://www.chess.com"]

[Event "Titled Tuesday Blitz April 26 Late 2022"]
[White "Richter, Nils"]
[Black "Miszler, Levente"]
[WhiteFideId "12990809"]
[BlackFideId "763276"]
[WhiteElo "2243"]
[BlackElo "1966"]
[Result "1-0"]
[Round "10"]
[TimeControl "180+1"]
[Date "2022.04.26"]
[WhiteClock "0:00:08"]
[BlackClock "0:00:30"]

1. e4 e6 2. d3 d5 3. Nd2 Nf6 4. Ngf3 Be7 5. g3 O-O 6. Bg2 c5 7. O-O Nc6 8. Re1 b5 9. e5 Nd7 10. Qe2 Bb7 11. Nf1 Qc7 12. h4 Rfc8 13. N1h2 Qd8 14. Ng4 a5 15. h5 h6 16. c3 Bf8 17. Bf4 b4 18. Rac1 a4 19. Qd2 a3 20. d4 axb2 21. Qxb2 bxc3 22. Qxb7 Nb4 23. Qb5 c4 24. a3 Rcb8 25. Qxb8 Rxb8 26. axb4 Bxb4 27. Ne3 Nb6 28. Nc2 Na4 29. Nxb4 Rxb4 30. Re2 Rb2 31. Rec2 Qb6 32. Ne1 Qb3 33. Bf1 Rb1 34. Kg2 Rxc1 35. Rxc1 Nb2 36. g4 Na4 37. Be3 Nb6 38. Be2 Nc8 39. Bd1 Qb2 40. Bc2 Na7 41. Rb1 Nb5 42. Rxb2 cxb2 43. Bb1 Na3 44. Ba2 c3 45. Nd3 Nc4 46. Nb4 Na3 47. Kf1 c2 48. Nxc2 Nxc2 49. Ke2 Na3 50. Kd3 b1=Q+ 51. Bxb1 Nxb1 52. Bc1 f6 53. Kc2 f5 54. gxf5 exf5 55. Kxb1 g5 56. hxg6 h5 57. Bf4 1-0


[Site "https://www.chess.com"]

[Event "Titled Tuesday Blitz April 26 Late 2022"]
[White "Romanchuk, Viktor"]
[Black "Zlatin, Alexander"]
[WhiteFideId "14109271"]
[BlackFideId "2810549"]
[WhiteElo "2242"]
[BlackElo "2228"]
[Result "0-1"]
[Round "10"]
[TimeControl "180+1"]
[Date "2022.04.26"]
[WhiteClock "0:00:21"]
[BlackClock "0:01:03"]

1. d4 d5 2. c4 e6 3. Nc3 c5 4. cxd5 cxd4 5. Qa4+ Bd7 6. Qxd4 exd5 7. Qxd5 Nc6 8. Nf3 Nf6 9. Qd1 Bc5 10. e3 Qe7 11. Be2 O-O-O 12. O-O Kb8 13. Nd4 Bd6 14. Ncb5 Nxd4 15. Nxd4 Ne4 16. Bd2 Rhe8 17. Rc1 Qe5 18. f4 Qe7 19. Ba5 Rc8 20. Rxc8+ Rxc8 21. Bf3 Nc5 22. Bd2 g5 23. fxg5 Qxg5 24. e4 Qe5 25. Be3 Qxh2+ 26. Kf2 Qh4+ 27. Ke2 Nxe4 28. Bxe4 Qxe4 29. Qd3 Bg4+ 30. Kd2 Bb4+ 0-1


[Site "https://www.chess.com"]

[Event "Titled Tuesday Blitz April 26 Late 2022"]
[White "Romero Ruscalleda, Josep"]
[Black "Jegorovas, Aleksandras"]
[WhiteFideId "2231859"]
[BlackFideId "12801950"]
[WhiteElo "2330"]
[BlackElo "2247"]
[Result "1-0"]
[Round "10"]
[TimeControl "180+1"]
[Date "2022.04.26"]
[WhiteClock "0:00:59"]
[BlackClock "0:01:20"]

1. e4 e6 2. d4 d5 3. e5 c5 4. c3 Nc6 5. Be3 cxd4 6. cxd4 f6 7. exf6 Nxf6 8. Nc3 Bd6 9. Bd3 O-O 10. a3 e5 11. dxe5 Nxe5 12. Bc2 Nfg4 13. Qxd5+ Be6 14. Qxe6+ Kh8 15. O-O-O Rf6 16. Qd5 Qe7 17. Bg5 Bxa3 18. Bxf6 Nxf6 19. Qb3 Bb4 20. Nd5 Nxd5 21. Rxd5 a5 22. Nf3 a4 23. Qe3 a3 24. bxa3 Bxa3+ 25. Kd1 Bd6 26. Nxe5 Ra1+ 27. Ke2 Rxh1 28. Rxd6 1-0


[Site "https://www.chess.com"]

[Event "Titled Tuesday Blitz April 26 Late 2022"]
[White "Rosenberg, Evan S"]
[Black "Fiorito, Fabian"]
[WhiteFideId "2019299"]
[BlackFideId "100200"]
[WhiteElo "2367"]
[BlackElo "2395"]
[Result "1-0"]
[Round "10"]
[TimeControl "180+1"]
[Date "2022.04.26"]
[WhiteClock "0:01:25"]
[BlackClock "0:01:52"]

1. Nf3 d5 2. c4 c6 3. d4 Nf6 4. cxd5 cxd5 5. Nc3 g6 6. Bf4 Bg7 7. e3 O-O 8. h3 Nc6 9. Rc1 Ne4 10. Nxe4 dxe4 11. Nd2 f5 12. Bc4+ Kh8 13. h4 h5 14. a3 Bd7 15. Rh3 a6 16. Rg3 Kh7 17. Rg5 Be8 18. f3 Bh6 19. fxe4 Bxg5 20. Bxg5 fxe4 21. Nxe4 Qa5+ 22. Rc3 Qxg5 23. Nxg5+ Kh6 24. e4 Bd7 25. Qd2 Kg7 26. Ne6+ Bxe6 27. Bxe6 Rad8 28. d5 Ne5 29. Qd4 Kf6 30. Rf3+ 1-0


[Site "https://www.chess.com"]

[Event "Titled Tuesday Blitz April 26 Late 2022"]
[White "Sailer, Mike"]
[Black "Le Goff, Ronan"]
[WhiteFideId "2012901"]
[BlackFideId "612073"]
[WhiteElo "2109"]
[BlackElo "2276"]
[Result "1/2-1/2"]
[Round "10"]
[TimeControl "180+1"]
[Date "2022.04.26"]
[WhiteClock "0:01:40"]
[BlackClock "0:01:59"]

1. Nf3 Nc6 2. d4 d6 3. Bf4 Bg4 4. e3 g6 5. Be2 Bg7 6. h3 Bxf3 7. Bxf3 e5 8. Bh2 f5 9. dxe5 dxe5 10. Qxd8+ Rxd8 11. Bxc6+ bxc6 12. Nd2 Ne7 13. O-O-O Kf7 14. Nc4 Ke6 15. Rxd8 Rxd8 16. Rd1 Rd5 17. c3 Nc8 18. b4 Nd6 19. Na5 Ne4 20. Nxc6 Rxd1+ 21. Kxd1 Nxc3+ 22. Kc2 Nxa2 23. Kb3 Nc1+ 24. Kc2 Na2 25. Kb3 Nc1+ 26. Kc2 Na2 1/2-1/2


[Site "https://www.chess.com"]

[Event "Titled Tuesday Blitz April 26 Late 2022"]
[White "Sernecki, Franciszek"]
[Black "Alinasab, Mobina"]
[WhiteFideId "1169297"]
[BlackFideId "12528897"]
[WhiteElo "2165"]
[BlackElo "2031"]
[Result "1-0"]
[Round "10"]
[TimeControl "180+1"]
[Date "2022.04.26"]
[WhiteClock "0:00:07"]
[BlackClock "0:00:04"]

1. d4 Nf6 2. c4 e6 3. Nf3 Bb4+ 4. Bd2 a5 5. g3 b6 6. Bg2 Bb7 7. O-O O-O 8. Bf4 Be7 9. Nc3 Ne4 10. Nb5 d6 11. Qc2 Nd7 12. Rfd1 Nef6 13. Nc3 Re8 14. e4 Nh5 15. Be3 Qc8 16. Rac1 e5 17. d5 Nc5 18. a3 a4 19. Bxc5 bxc5 20. Nxa4 Ba6 21. Qe2 g6 22. Nc3 Qb7 23. Rb1 Qb3 24. Nd2 Qb8 25. b4 Qa7 26. b5 Bc8 27. a4 Qa5 28. Qd3 f5 29. Nb3 Qa7 30. a5 fxe4 31. Nxe4 Bf5 32. a6 Qb6 33. Qd2 Nf6 34. Re1 Rf8 35. Na5 Nxe4 36. Bxe4 Bd7 37. Nc6 Bf6 38. Qa5 Bg7 39. Qxb6 cxb6 40. Rb3 Bh6 41. Rf3 Bd2 42. Re2 Bc1 43. Kg2 Rxf3 44. Bxf3 Bg5 45. h3 h5 46. Be4 Kf7 47. h4 Bf6 48. Bf3 Bf5 49. Be4 Bg4 50. f3 Bd7 51. Ra2 Kg7 52. a7 Kf7 53. Ra6 Bxc6 54. dxc6 Bd8 55. c7 Bxc7 56. Bxa8 1-0


[Site "https://www.chess.com"]

[Event "Titled Tuesday Blitz April 26 Late 2022"]
[White "Sevian, Samuel"]
[Black "Moskalenko, Alexander"]
[WhiteFideId "2040506"]
[BlackFideId "4155351"]
[WhiteElo "2698"]
[BlackElo "2434"]
[Result "1-0"]
[Round "10"]
[TimeControl "180+1"]
[Date "2022.04.26"]
[WhiteClock "0:00:40"]
[BlackClock "0:00:04"]

1. b3 e5 2. Bb2 Nc6 3. Nf3 Nf6 4. Nxe5 d5 5. Nf3 Bd6 6. e3 O-O 7. Be2 Re8 8. O-O Bg4 9. d4 Ne7 10. c4 c6 11. Nbd2 Ng6 12. h3 Bd7 13. Rc1 Qe7 14. Bd3 Ne4 15. Qe2 Rad8 16. cxd5 cxd5 17. Rc2 Rf8 18. Rfc1 f5 19. Ne5 Nxe5 20. dxe5 Bxe5 21. Bxe5 Qxe5 22. Nf3 Qf6 23. Rc7 Rc8 24. Nd4 g6 25. R1c2 Qd6 26. Rxc8 Rxc8 27. Rxc8+ Bxc8 28. Bxe4 fxe4 29. Qc2 Bd7 30. Qc3 b6 31. b4 Qe5 32. Qa3 Qc7 33. Qb2 Qc4 34. a3 Kf7 35. Ne2 g5 36. Ng3 Kg6 37. Qe5 Qc6 38. h4 gxh4 39. Qh5+ Kg7 40. Qxh4 h6 41. Nh5+ Kg6 42. Nf4+ Kg7 43. Qe7+ Kg8 44. Nh5 Qc1+ 45. Kh2 Qc7+ 46. g3 1-0


[Site "https://www.chess.com"]

[Event "Titled Tuesday Blitz April 26 Late 2022"]
[White "Shirov, Alexei"]
[Black "Sanal, Vahap"]
[WhiteFideId "2209390"]
[BlackFideId "6300545"]
[WhiteElo "2678"]
[BlackElo "2603"]
[Result "0-1"]
[Round "10"]
[TimeControl "180+1"]
[Date "2022.04.26"]
[WhiteClock "0:00:16"]
[BlackClock "0:00:52"]

1. e4 e5 2. Nf3 Nc6 3. Bb5 Nf6 4. O-O Nxe4 5. d4 Nd6 6. Bxc6 dxc6 7. dxe5 Nf5 8. Qxd8+ Kxd8 9. h3 Be7 10. g4 Nh4 11. Nxh4 Bxh4 12. Be3 h5 13. f3 hxg4 14. hxg4 Bg3 15. Nc3 Bxe5 16. Rad1+ Ke8 17. Rfe1 Be6 18. Bd4 Bxd4+ 19. Rxd4 Rd8 20. Ra4 a6 21. f4 Kf8 22. f5 Bd5 23. Nxd5 cxd5 24. Rd4 c5 25. Rf4 Re8 26. Rxe8+ Kxe8 27. b4 Kd7 28. bxc5 Rc8 29. Rb4 Rxc5 30. Rxb7+ Rc7 31. Rb6 Rc6 32. Rb7+ Rc7 33. Rb6 Rxc2 34. Rxa6 Rc4 35. Ra7+ Ke8 36. Kf2 Rxg4 37. Kf3 Re4 38. a4 Re1 39. a5 d4 40. a6 d3 41. Ra8+ Ke7 42. a7 Ra1 43. Ke3 Kf6 44. Kxd3 Kxf5 45. Rg8 Rxa7 46. Rxg7 Re7 47. Kd2 Kf6 48. Rg1 Re8 49. Rf1+ Kg6 50. Rg1+ Kh5 51. Rh1+ Kg4 52. Rg1+ Kh3 53. Rf1 Re7 54. Rf6 Kg4 55. Kd3 Kg5 56. Rf1 f5 57. Rg1+ Kh4 58. Rh1+ Kg3 59. Rg1+ Kf2 60. Rg8 f4 0-1


[Site "https://www.chess.com"]

[Event "Titled Tuesday Blitz April 26 Late 2022"]
[White "Shuvalova, Polina"]
[Black "Papp, Petra"]
[WhiteFideId "24171760"]
[BlackFideId "739049"]
[WhiteElo "2355"]
[BlackElo "2259"]
[Result "1-0"]
[Round "10"]
[TimeControl "180+1"]
[Date "2022.04.26"]
[WhiteClock "0:00:08"]
[BlackClock "0:00:03"]

1. d4 Nf6 2. Nf3 c5 3. e3 g6 4. Bd3 Bg7 5. O-O O-O 6. dxc5 Qc7 7. e4 Qxc5 8. Nc3 d6 9. Be3 Qa5 10. h3 Nc6 11. a3 Be6 12. Ng5 Bd7 13. f4 a6 14. Qf3 b5 15. Nd5 Nxd5 16. exd5 Nd4 17. Qf2 Nf5 18. Bb6 Qxb6 19. Qxb6 Bd4+ 20. Qxd4 Nxd4 21. Rae1 h6 22. Nf3 Nxf3+ 23. Rxf3 Rfe8 24. f5 g5 25. Rfe3 Kf8 26. Kh2 f6 27. c3 Ra7 28. Kg3 h5 29. Be2 Bxf5 30. Bxh5 Rc8 31. Bg4 Bxg4 32. Kxg4 Rc5 33. Rd3 a5 34. Re4 Kf7 35. g3 Ra8 36. Kf3 Rh8 37. h4 f5 38. Red4 Kf6 39. Re3 gxh4 40. gxh4 Rc4 41. Rxc4 bxc4 42. Kg3 f4+ 43. Kxf4 Rxh4+ 44. Kg3 Rh5 45. Re6+ Kf7 46. Re4 Rxd5 47. Rxc4 Rd2 48. b3 d5 49. Ra4 Rd3+ 50. Kf4 Rxc3 51. Rxa5 Rxb3 52. Rxd5 Rxa3 53. Rd7 Kf6 54. Rb7 Rc3 55. Ke4 e6 56. Ra7 Rh3 57. Ra6 Rh4+ 58. Ke3 Kf5 59. Ra5+ e5 60. Ke2 Rh3 61. Ra4 Rh2+ 62. Kf3 Rh3+ 63. Kg2 Rh2+ 64. Kxh2 e4 65. Kg3 Ke5 66. Kf2 Kf4 67. Ke2 1-0


[Site "https://www.chess.com"]

[Event "Titled Tuesday Blitz April 26 Late 2022"]
[White "Siddharth, Jagadeesh"]
[Black "Moiseenko, Alexander"]
[WhiteFideId "5818320"]
[BlackFideId "14102560"]
[WhiteElo "2127"]
[BlackElo "2577"]
[Result "0-1"]
[Round "10"]
[TimeControl "180+1"]
[Date "2022.04.26"]
[WhiteClock "0:02:43"]
[BlackClock "0:02:45"]

1. e4 c5 2. Nf3 Nc6 3. Bb5 e6 4. O-O Nge7 5. Re1 Ng6 6. c3 d5 7. exd5 Qxd5 8. d4 cxd4 9. Nxd4 Bd7 10. c4 Qxd4 0-1


[Site "https://www.chess.com"]

[Event "Titled Tuesday Blitz April 26 Late 2022"]
[White "Sjugirov, Sanan"]
[Black "Svane, Rasmus"]
[WhiteFideId "4189302"]
[BlackFideId "4657101"]
[WhiteElo "2602"]
[BlackElo "2645"]
[Result "0-1"]
[Round "10"]
[TimeControl "180+1"]
[Date "2022.04.26"]
[WhiteClock "0:00:05"]
[BlackClock "0:00:13"]

1. e4 c6 2. d4 d5 3. e5 Bf5 4. Nf3 e6 5. Be2 Ne7 6. O-O Ng6 7. Ne1 h5 8. Bd3 Ne7 9. c3 Qc7 10. Bg5 Bxd3 11. Nxd3 Nf5 12. Nd2 c5 13. Nf3 cxd4 14. cxd4 Nc6 15. Rc1 Qb6 16. Qa4 Nxd4 17. Nxd4 Qxd4 18. Qxd4 Nxd4 19. Rc7 b6 20. a4 Nb3 21. Rb1 Nc5 22. Nxc5 Bxc5 23. b4 Bd4 24. Re7+ Kf8 25. Rb7 Bxe5 26. a5 bxa5 27. bxa5 Kg8 28. a6 Kh7 29. Be3 d4 30. Bd2 Kg6 31. R1b5 Bf6 32. Kf1 Rhc8 33. Ke2 Rc2 34. Kd3 Rc6 35. Ra5 e5 36. f3 Re6 37. Bb4 Bd8 38. Ra2 Rc6 39. Ke4 Bc7 40. Kd5 Rc1 41. Bc5 Rd8+ 42. Kc6 Bb6 43. Rxb6 axb6 44. Kxb6 Rb8+ 45. Kc7 Rb5 46. a7 Rbxc5+ 47. Kd6 Rc8 48. a8=Q Rxa8 49. Rxa8 d3 50. Kxe5 d2 0-1


[Site "https://www.chess.com"]

[Event "Titled Tuesday Blitz April 26 Late 2022"]
[White "Skliarov, Viktor"]
[Black "Sarkar, Justin"]
[WhiteFideId "14106736"]
[BlackFideId "2010011"]
[WhiteElo "2229"]
[BlackElo "2038"]
[Result "1-0"]
[Round "10"]
[TimeControl "180+1"]
[Date "2022.04.26"]
[WhiteClock "0:00:16"]
[BlackClock "0:00:02"]

1. e4 e5 2. Nc3 Nf6 3. Bc4 Nxe4 4. Qh5 Nd6 5. Bb3 Be7 6. Qxe5 O-O 7. d3 Nc6 8. Qf4 b5 9. Nd5 Bb7 10. Nxe7+ Qxe7+ 11. Be3 a5 12. a3 a4 13. Ba2 Ne5 14. Nf3 Nxf3+ 15. gxf3 Rfe8 16. Rg1 Qe5 17. Qxe5 Rxe5 18. f4 Rh5 19. O-O-O Nf5 20. Rg5 Rxg5 21. fxg5 Re8 22. Kd2 Nxe3 23. fxe3 Re5 24. h4 Rf5 25. e4 Rf2+ 26. Kc3 d6 27. Rh1 c5 28. b4 axb3 29. Bxb3 g6 30. h5 Kg7 31. h6+ Kf8 32. Re1 Ke7 33. Rd1 Rg2 34. Rf1 Rxg5 35. Rxf7+ Ke8 36. Rxb7 1-0


[Site "https://www.chess.com"]

[Event "Titled Tuesday Blitz April 26 Late 2022"]
[White "Sliwicka, Alicja"]
[Black "Hnydiuk, Aleksander"]
[WhiteFideId "1150677"]
[BlackFideId "1109057"]
[WhiteElo "2120"]
[BlackElo "2374"]
[Result "0-1"]
[Round "10"]
[TimeControl "180+1"]
[Date "2022.04.26"]
[WhiteClock "0:00:52"]
[BlackClock "0:02:08"]

1. e4 Nf6 2. e5 Nd5 3. d4 d6 4. c4 Nb6 5. exd6 exd6 6. Nc3 Be7 7. Be3 O-O 8. Bd3 Nc6 9. Nge2 Bg4 10. a3 Re8 11. O-O d5 12. c5 Nc4 13. Bc1 Nxd4 14. Bxc4 Bxc5 15. Bd3 Qh4 16. Be3 Nf3+ 17. gxf3 Bxf3 18. Bxc5 Qh3 19. Bxh7+ Kh8 20. Nf4 Qg4+ 0-1


[Site "https://www.chess.com"]

[Event "Titled Tuesday Blitz April 26 Late 2022"]
[White "Stanisz, Patryk"]
[Black "Pinheiro, Iung Alicio de O."]
[WhiteFideId "1123106"]
[BlackFideId "2104350"]
[WhiteElo "1833"]
[BlackElo "2465"]
[Result "1-0"]
[Round "10"]
[TimeControl "180+1"]
[Date "2022.04.26"]
[WhiteClock "0:00:12"]
[BlackClock "0:00:13"]

1. d4 c5 2. d5 e5 3. Nc3 d6 4. e4 a6 5. a4 Be7 6. b3 Bg5 7. Bb2 Ne7 8. h3 f5 9. Qh5+ Ng6 10. Nf3 Bh6 11. exf5 Qf6 12. Ne4 Qd8 13. fxg6 O-O 14. gxh7+ Kh8 15. Bd3 Rf5 16. Qh4 Qf8 17. Neg5 Rf4 18. Qh5 Bf5 19. O-O-O Bxd3 20. Rxd3 Qf5 21. g3 Rxf3 22. Rxf3 Qxg5+ 23. Qxg5 Bxg5+ 24. Kb1 Nd7 25. Rf7 Rd8 26. f4 Bf6 27. g4 Kxh7 28. g5 Kg8 29. Rxd7 Rxd7 30. gxf6 gxf6 31. fxe5 dxe5 32. Ba3 Rxd5 33. c4 Rd3 34. Kc2 Rg3 35. Bxc5 Kf7 36. h4 Kg6 37. h5+ Kh6 38. Bf8+ Kh7 39. h6 f5 40. Bg7 e4 41. Rf1 Rg5 42. Kc3 Rg3+ 43. Kb4 Rg5 44. a5 Rh5 45. Kc3 Rh3+ 46. Kb4 Rh5 47. c5 Rg5 48. Kc4 Rh5 49. b4 e3 50. Kd3 Rh3 51. Rxf5 e2+ 52. Kxe2 Rb3 53. Rf4 Ra3 54. Rd4 Ra2+ 55. Ke3 Rh2 56. Ke4 Rh4+ 57. Kd5 Rh5+ 58. Kd6 Rh3 59. Kc7 Rh5 60. Kxb7 Rf5 61. Kxa6 Rf7 62. Kb6 Re7 63. c6 Re6 64. Kb7 Re7+ 65. c7 Rf7 66. Kb8 Rd7 67. Rxd7 Kg6 68. c8=Q Kh7 69. Qh8+ Kg6 70. Rd6+ Kh5 71. Qe8+ Kg5 72. Qe5+ Kh4 73. Rd4+ Kh3 74. Qe3+ Kg2 75. Rd2+ Kf1 76. Qe2+ Kg1 77. Qe1# 1-0


[Site "https://www.chess.com"]

[Event "Titled Tuesday Blitz April 26 Late 2022"]
[White "Stevens, Christian"]
[Black "Petrovic, Aleksa"]
[WhiteFideId "2604450"]
[BlackFideId "967629"]
[WhiteElo "2551"]
[BlackElo "2198"]
[Result "1-0"]
[Round "10"]
[TimeControl "180+1"]
[Date "2022.04.26"]
[WhiteClock "0:00:04"]
[BlackClock "0:00:01"]

1. Nf3 d5 2. e3 Nf6 3. c4 c6 4. Nc3 Bg4 5. Qb3 b6 6. cxd5 Bxf3 7. gxf3 cxd5 8. Bb5+ Nbd7 9. Nxd5 e6 10. Nxf6+ Qxf6 11. f4 Qd8 12. d4 a6 13. Bc6 Rc8 14. Bb7 Rc7 15. Bxa6 Qa8 16. d5 Qxa6 17. dxe6 Nc5 18. exf7+ Rxf7 19. Qd5 Nd3+ 20. Kd2 Bb4+ 21. Kc2 O-O 22. Kb1 Nxf2 23. Rg1 Kh8 24. e4 Nd3 25. f5 Nxc1 26. Rxc1 Be7 27. a3 Bf6 28. e5 Bg5 29. Rg1 Rxf5 30. Ka2 Qe2 31. Rae1 Qc2 32. Qb5 Bh6 33. Qxb6 Qc4+ 34. Ka1 Rf2 35. e6 Bd2 36. Rd1 Bc3 37. Rb1 Bd4 38. Qd6 Qd3 39. Rgd1 Bxb2+ 40. Rxb2 Qxd6 41. Rxd6 Rf1+ 42. Ka2 Re1 43. a4 h6 44. a5 Re8 45. Rbb6 Re2+ 46. Kb3 Rxh2 47. a6 Rh3+ 48. Kc4 Rh4+ 49. Kd5 Rh5+ 50. Kc6 Ra5 51. Kd7 Rg8 52. e7 Kh7 53. e8=Q Rxe8 54. Kxe8 h5 55. Rd7 h4 56. a7 h3 57. Rb8 h2 58. Rd1 Rxa7 59. Rb2 g6 60. Rxh2+ Kg8 61. Rhd2 Ra8+ 62. Rd8 Ra6 63. R1d7 Rf6 64. Re7 1-0


[Site "https://www.chess.com"]

[Event "Titled Tuesday Blitz April 26 Late 2022"]
[White "Swiercz, Dariusz"]
[Black "Szpar, Milosz"]
[WhiteFideId "1126881"]
[BlackFideId "1184989"]
[WhiteElo "2627"]
[BlackElo "2447"]
[Result "1-0"]
[Round "10"]
[TimeControl "180+1"]
[Date "2022.04.26"]
[WhiteClock "0:00:37"]
[BlackClock "0:00:13"]

1. c4 e5 2. Nc3 Nc6 3. g3 g6 4. Bg2 Bg7 5. Nf3 d6 6. O-O Nf6 7. d3 O-O 8. Rb1 a5 9. a3 h6 10. b4 axb4 11. axb4 Ne7 12. b5 Be6 13. Bb2 Nd7 14. Ra1 c6 15. Rxa8 Qxa8 16. Qa1 Qb8 17. Rb1 Qc7 18. Qa3 Re8 19. Ne4 d5 20. bxc6 bxc6 21. Nc5 Nxc5 22. Qxc5 Qb8 23. Nd2 Bf8 24. Qa5 Rc8 25. Bc3 Qd6 26. c5 Qd7 27. Bxe5 Nf5 28. Nf3 Be7 29. Nd4 Nxd4 30. Bxd4 Bg4 31. Qd2 h5 32. Qh6 f6 33. Qxg6+ Kf8 34. Bxf6 Bxc5 35. h3 Bf5 36. Qxh5 Qh7 37. Qxh7 Bxh7 38. Rc1 Ba3 39. Ra1 Bd6 40. Ra7 Bf5 41. h4 Rb8 42. Bf3 Bh3 43. Kh2 Be6 44. Kg2 Bc5 45. Ra6 Rc8 46. h5 Kf7 47. Be5 Bd7 48. d4 Be7 49. Ra7 Rd8 50. e3 Be6 51. Bf4 Rd7 52. Ra6 c5 53. Rxe6 1-0


[Site "https://www.chess.com"]

[Event "Titled Tuesday Blitz April 26 Late 2022"]
[White "Tanenbaum, Zachary"]
[Black "Moral Garcia, Serafin"]
[WhiteFideId "2060850"]
[BlackFideId "2201925"]
[WhiteElo "2168"]
[BlackElo "2228"]
[Result "1-0"]
[Round "10"]
[TimeControl "180+1"]
[Date "2022.04.26"]
[WhiteClock "0:00:11"]
[BlackClock "0:01:19"]

1. e4 e5 2. Nf3 Nc6 3. Bc4 Bc5 4. c3 Nf6 5. d3 a6 6. Nbd2 Ba7 7. a4 d6 8. Nf1 O-O 9. Ng3 Ne7 10. O-O Ng6 11. Be3 h6 12. Bxa7 Rxa7 13. d4 Qe7 14. Re1 Ra8 15. Nf5 Qd8 16. dxe5 Nxe5 17. Nxe5 dxe5 18. Qf3 Bxf5 19. Qxf5 Qe7 20. Re3 Rad8 21. Rg3 Kh8 22. Re1 Rd2 23. b4 Rfd8 24. h3 c6 25. a5 g6 26. Qf3 Kg7 27. Qe3 Nh5 28. Rf3 Nf4 29. Kh2 Rc2 30. g3 g5 31. gxf4 gxf4 32. Rg1+ Kh7 33. Qe1 Rdd2 34. Rg2 Qd7 35. Qg1 f6 36. Rg8 Rxf2+ 37. Rxf2 Rxf2+ 38. Qxf2 Qf7 39. Bxf7 1-0


[Site "https://www.chess.com"]

[Event "Titled Tuesday Blitz April 26 Late 2022"]
[White "Tari, Aryan"]
[Black "Grischuk, Alexander"]
[WhiteFideId "1510045"]
[BlackFideId "4126025"]
[WhiteElo "2567"]
[BlackElo "2762"]
[Result "0-1"]
[Round "10"]
[TimeControl "180+1"]
[Date "2022.04.26"]
[WhiteClock "0:00:30"]
[BlackClock "0:01:39"]

1. e4 e6 2. d4 d5 3. Nc3 Nf6 4. e5 Nfd7 5. f4 c5 6. Nf3 Nc6 7. Be3 cxd4 8. Nxd4 Qb6 9. Qd2 Qxb2 10. Rb1 Qa3 11. Bb5 Nxd4 12. Bxd4 a6 13. Rb3 Qe7 14. Bxd7+ Qxd7 15. O-O b5 16. f5 exf5 17. Ne2 Qc6 18. e6 Bxe6 19. Kh1 Rc8 20. Re3 Qxc2 21. Qa5 Bc5 22. Qxa6 O-O 23. Qxb5 Qc4 24. Qb2 Bxd4 25. Nxd4 Qxf1# 0-1


[Site "https://www.chess.com"]

[Event "Titled Tuesday Blitz April 26 Late 2022"]
[White "Toniutti, Ezio"]
[Black "Mayaud, Raphael"]
[WhiteFideId "113034"]
[BlackFideId "627151"]
[WhiteElo "2215"]
[BlackElo "2191"]
[Result "1-0"]
[Round "10"]
[TimeControl "180+1"]
[Date "2022.04.26"]
[WhiteClock "0:01:40"]
[BlackClock "0:01:08"]

1. d4 d5 2. c4 c6 3. Nc3 Nf6 4. e3 e6 5. Nf3 Nbd7 6. Bd3 dxc4 7. Bxc4 b5 8. Bd3 Bb7 9. e4 b4 10. Na4 c5 11. e5 Nd5 12. O-O cxd4 13. Nxd4 Nxe5 14. Bb5+ Nd7 15. Re1 Be7 16. Nc6 Bxc6 17. Bxc6 Rc8 18. Bxd5 exd5 19. Bg5 f6 20. Bf4 O-O 21. Qxd5+ Rf7 22. Rad1 Nb6 23. Nxb6 Qxb6 24. Rxe7 1-0


[Site "https://www.chess.com"]